 Dungeon Crawl Stone Soup version 0.28-a0-407-g69098e2f6d (webtiles) character file.

Game seed: 4643743456037709181

109 ytrimaz the Insei (level 4, -1/29 HPs)
             Began as an Octopode Transmuter on Sept 5, 2021.
             Slain by a gnoll (7 damage)
             ... on level 4 of the Dungeon.
             The game lasted 00:07:40 (5204 turns).

ytrimaz the Insei (Octopode Transmuter)             Turns: 5204, Time: 00:07:47

Health: -1/29      AC:  2    Str: 10    XL:     4   Next: 89%
Magic:  2/7        EV: 19    Int: 15    God:
Gold:   74         SH:  0    Dex: 17    Spells: 2/8 levels left

rFire   . . .      SeeInvis .     - Unarmed
rCold   . . .      Faith    .   (shield currently unavailable)
rNeg    . . .      Spirit   .   (helmet currently unavailable)
rPois   x          Reflect  .   (no amulet)
rElec   .          Harm     .   (no ring)
rCorr   .          Rampage  .   (no ring)
Will    .....                   (no ring)
Stlth   ++........              (no ring)
HPRegen 0.09/turn               (no ring)
MPRegen 0.10/turn               (no ring)
                                (no ring)
                                (no ring)

@: spider-form (expiring), wereblooded
A: venomous fangs, almost no armour, (amphibious), 8 rings, tiny, (camouflage
1), (gelatinous body 1), (nimble swimmer 1), (tentacles)
a: End Transformation


You were on level 4 of the Dungeon.
You were a venomous arachnid creature.
You visited 1 branch of the dungeon, and saw 4 of its levels.

You collected 122 gold pieces.
You spent 48 gold pieces at shops.

Inventory:

Jewellery
 f - a ring of fire
Scrolls
 e - a scroll of enchant weapon
Potions
 a - a potion of lignification
 b - a potion of curing
 c - a potion of flight
 d - a potion of berserk rage {unknown}
 g - a potion of mutation {unknown}


   Skills:
 * Level 2.2 Fighting
 + Level 2.5 Dodging
 + Level 3.3 Unarmed Combat
 + Level 2.6 Spellcasting
 * Level 3.2 Transmutations


You had 2 spell levels left.
You knew the following spells:

 Your Spells              Type           Power      Damage    Failure   Level
a - Beastly Appendage     Tmut           22%        N/A       16%         1
b - Spider Form           Tmut/Pois      3%         N/A       54%         3
c - Wereblood             Tmut           11%        N/A       22%         2

Your spell library contained the following spells:

 Spells                   Type           Power      Damage    Failure   Level
 Ignite Poison            Fire/Tmut/Pois 5%         N/A       61%         3
 Mephitic Cloud           Conj/Pois/Air  1%         N/A       75%         3
 Ice Form                 Ice/Tmut       6%         N/A       87%         4
 Freezing Cloud           Conj/Ice/Air   0%         6-21      100%        5


Dungeon Overview and Level Annotations

Branches:
Dungeon (4/15)
 Temple: D:4-7

Altars:
Yredelemnul

Shops:
D:1 !   D:2 :


Innate Abilities, Weirdness & Mutations

You are a venomous arachnid creature.
You have poisonous fangs.
You are tiny and dextrous.
Your spellcasting is less reliable in this form.
Your armour is entirely melded.
You are incapable of wielding weapons or throwing items.
You cannot wear most types of armour.
((You are amphibious.))
You can wear up to eight rings at the same time.
((Your skin changes colour to match your surroundings (Stealth+).))
((Your rubbery body absorbs attacks. (AC +1, EV +1)))
((You are camouflaged near water. (Stealth+)))
((You have tentacles for arms and can constrict up to eight enemies at once.))


Message History

The hound skeleton is almost destroyed.
You constrict the hound skeleton.
You destroy the hound skeleton!
HP restored. 2 gnolls come into view.
There are monsters nearby!
Casting: Spider Form (extremely dangerous; 32% risk of failure)
Confirm with . or Enter, or press ? or * to list all spells.
The spell is extremely dangerous to cast (32% risk of failure)!
Continue anyway?
You miscast Spider Form.
You are very lightly contaminated with residual magic.
Nothing appears to happen.
You start resting.
Your magical contamination has completely faded away.
You start resting.
Magic restored.
Casting: Spider Form (extremely dangerous; 32% risk of failure)
Confirm with . or Enter, or press ? or * to list all spells.
The spell is extremely dangerous to cast (32% risk of failure)!
Continue anyway?
You turn into a venomous arachnid creature.
Casting: Spider Form (extremely dangerous; 54% risk of failure)
Confirm with . or Enter, or press ? or * to list all spells.
Your blood is infused with primal strength.
A gnoll comes into view. It is wielding a +0 spear.
The gnoll shouts! x3; You hear a shout!
Found a stone staircase leading down.
The gnoll hits you with a +0 club.
The gnoll hits you from afar with a +0 spear.
The gnoll hits you with a +4 whip!
You hit the gnoll.
The gnoll is moderately wounded.
The gnoll completely misses you. The gnoll barely misses you.
The gnoll hits you with a +4 whip.
You barely miss the gnoll.
Your transformation is almost over.
The gnoll hits you with a +0 club.
* * * LOW HITPOINT WARNING * * *
The gnoll misses you.
A goblin comes into view. It is wielding a +0 club.
The gnoll hits you with a +4 whip!
You die...

........... .g....
..>............ ......
...............
#.....###............##.
#......#...........###.#
#................#..##..
......g..#.......#......
......g....##...........
......gs................
..##.###....###.....##..
# ##....#.......####
#.#.#.#.........#...#
..........#....###..#
.....##..##....# ####
#### ##.......##
##.......# ##......#


You could see 3 gnolls and a goblin.

Vanquished Creatures
  A hound skeleton (D:4)
  3 adders
  A worm (D:2)
  6 bats
  5 endoplasms (D:2)
  3 giant cockroaches
  7 goblins
  7 hobgoblins
  6 jackals
  7 kobolds
  3 quokkas
  6 ball pythons
  5 frilled lizards
  3 rats
63 creatures vanquished.

Notes
Turn   | Place    | Note
-------+----------+-------------------------------------------
     0 | D:1      | ytrimaz the Octopode Transmuter began the quest for the
                  | Orb.
     0 | D:1      | Reached XP level 1. HP: 13/13 MP: 3/3
   566 | D:1      | Found Qik Agab's Distillery.
   896 | D:1      | Reached XP level 2. HP: 18/18 MP: 3/5
  1772 | D:2      | Reached XP level 3. HP: 21/23 MP: 4/6
  1914 | D:2      | Learned a level 3 spell: Spider Form
  2760 | D:2      | Learned a level 2 spell: Wereblood
  2880 | D:2      | Reached XP level 4. HP: 24/29 MP: 7/7
  3294 | D:2      | Found Pyass's Book Boutique.
  3728 | D:1      | Bought a potion of curing for 36 gold pieces
  3728 | D:1      | Bought a potion of degeneration for 12 gold pieces
  4763 | D:3      | Found a basalt altar of Yredelemnul.
  5204 | D:4      | Slain by a gnoll

Illustrated notes

Levels and vault maps discovered:
D:1:      minmay_arrival_solitary_statue, layout_basic, serial_shops,
          shop_statue, minmay_door_square
D:2:      layout_loops_corners, serial_shops, shop
D:3:      layout_basic, yredelemnul_altar_generic
D:4:      layout_cave_pools, minmay_temple_entry_poolview, minmay_joined_circles

Skill      XL: |  1  2  3  4 |
---------------+-------------+-----
Transmutations | 3 |  3.2
Fighting       | 2 |  2.2
Dodging        | |  2.5
Unarmed Combat | |  3.3
Spellcasting   | |  2.6

Action                   |  1- 3 |  4- 6 || total
-------------------------+-------+-------++-------
Melee: Unarmed           |    87 |    79 ||   166
       Constrict         |    23 |    15 ||    38
       Tentacles         |     9 |     7 ||    16
       Kick              |     7 |     1 ||     8
       Punch             |     1 |     2 ||     3
 Cast: Beastly Appendage |    13 |     2 ||    15
       Spider Form       |     1 |     4 ||     5
       Wereblood         |     1 |     1 ||     2
  Use: Potion            |     2 |       ||     2
       Scroll            |     1 |     3 ||     4
 Stab: Sleeping          |     7 |     2 ||     9
Armor: Skin              |    18 |    18 ||    36
Dodge: Dodged            |    61 |    85 ||   146

Table legend: (Time is in decaauts)
 A = Elapsed time spent in this place.
 B = Non-inter-level travel time spent in this place.
 C = Inter-level travel time spent in this place.
 D = Time resting spent in this place.
 E = Time spent auto-exploring this place.
 F = Levels seen in this place.
 G = Mean time per level.
                   A        B        C        D        E       F      G
               +--------+--------+--------+--------+--------+-----+--------+
         Total |   5195 |   5019 |    176 |   1799 |   2502 |   4 | 1298.8 |
       Dungeon |   5195 |   5019 |    176 |   1799 |   2502 |   4 | 1298.8 |
               +--------+--------+--------+--------+--------+-----+--------+

Top non-repeatable levels by time:
     D:2: 2032 daAuts
     D:1: 1759 daAuts
     D:3: 1201 daAuts
     D:4: 202 daAuts
